[Event "Early-Titled-Tuesday-Blitz-April-23-2024"]
[Site "Chess.com"]
[Date "2024.04.23"]
[Round "1"]
[White "BenchGM"]
[Black "AlphaGoosee"]
[Result "0-1"]
[WhiteElo "2289"]
[BlackElo "2627"]
[TimeControl "180+1"]
[EndTime "8:06:11 PDT"]
[Termination "AlphaGoosee won on time"]

1. e4 c5 2. Nf3 d6 3. d4 cxd4 4. Nxd4 Nf6 5. Nc3 a6 6. Rg1 e5 7. Nb3 h5 8. Bg5 Be7 9. Be2 Nbd7 10. h3 b5 11. g4 hxg4 12. hxg4 Bb7 13. Qd3 b4 14.
Bxf6 Nxf6 15. g5 bxc3 16. gxf6 cxb2 17. Rb1 Bxf6 18. Nd2 d5 19. Rxb2 Bc6 20. Qc3 Bd7 21. Qf3 d4 22. Nc4 Rb8 23. Nd6+ Kf8 24. Rxb8 Qxb8 25.
Nf5 g6 26. Qa3+ Kg8 0-1

[Event "Early-Titled-Tuesday-Blitz-April-23-2024"]
[Site "Chess.com"]
[Date "2024.04.23"]
[Round "1"]
[White "m_ezat"]
[Black "Naruna_Chan"]
[Result "1-0"]
[WhiteElo "2613"]
[BlackElo "2212"]
[TimeControl "180+1"]
[EndTime "8:06:12 PDT"]
[Termination "m_ezat won by resignation"]

1. d4 Nf6 2. c4 e6 3. Nc3 b6 4. e4 Bb7 5. Bd3 d6 6. Nf3 Be7 7. O-O Nbd7 8. Re1 e5 9. d5 O-O 10. Bg5 Nxd5 11. Nxd5 Bxg5 12. Nxg5 Bxd5 13. Nxh7 Bxc4 14. Nxf8 Bxd3 15. Nxd7 Bb5 16. Nxe5 dxe5 17. Qxd8+ Rxd8 18. Red1 Re8 19. Rac1 c5 20. b3 g6 21. f3 Re7 22. Rd6 Kg7 23. a4 Ba6 24. a5 Rb7 25. axb6 axb6 26. Rcd1 c4 27. bxc4 Bxc4 28. Rd7 Rb8 29. Rd8 Rxd8 30. Rxd8 b5 31. Rb8 f5 32. exf5 gxf5 33. Kf2 Kf6 34. g3 Ke6 35. h4 Kf6 36. Ke3 Kg6 37. Rb6+ Kh5 38. Rf6 f4+ 39. gxf4 Kxh4 40.
fxe5 b4 41. e6 Kg5 42. e7 Bb5 43. Rf8 b3 44. e8=Q 1-0

[Event "Early-Titled-Tuesday-Blitz-April-23-2024"]
[Site "Chess.com"]
[Date "2024.04.23"]
[Round "1"]
[White "ural58"]
[Black "DenLaz"]
[Result "0-1"]
[WhiteElo "2556"]
[BlackElo "3117"]
[TimeControl "180+1"]
[EndTime "8:06:13 PDT"]
[Termination "DenLaz won by resignation"]

1. e4 c5 2. b3 Nc6 3. Bb2 Nf6 4. e5 Nd5 5. Nf3 g6 6. Ng5 e6 7. Ne4 Bg7 8. c4 Nde7 9. Nd6+ Kf8 10. f4 Nf5 11.
Nxf5 exf5 12. Nc3 d6 13. exd6 Qxd6 14. g3 Bd7 15. Be2 Nd4 16. O-O Bc6 17. Re1 h5 18. h4 g5 19. Nb5 Bxb5 20. cxb5 gxf4 21. Bc4 fxg3 22. Kg2 Qf4 23. Rf1 Qe4+ 24. Kh3 Be5 25.
Bxd4 Bxd4 26. Rc1 g2 27. Re1 g1=Q 28. Rxg1 Bxg1 29. Qxg1 Qg4+ 30. Qxg4 hxg4+ 31. Kg3 Rd8 32. d3 Kg7 33. Rf1 Kf6 34. a4 Rhe8 35. Kf4 Rd4+ 36. Kg3 Re3+ 37. Kg2 f4 38. h5 Kg5 39. Bxf7 Rdxd3 0-1

[Event "Early-Titled-Tuesday-Blitz-April-23-2024"]
[Site "Chess.com"]
[Date "2024.04.23"]
[Round "1"]
[White "maciek_92"]
[Black "DanylaBagrov"]
[Result "1-0"]
[WhiteElo "2851"]
[BlackElo "2481"]
[TimeControl "180+1"]
[EndTime "8:06:13 PDT"]
[Termination "maciek_92 won by resignation"]

1. c4 d6 2. Nc3 c6 3. d4 Nf6 4. e4 e5 5. Nf3 Bg4 6. Be3 Be7 7.
h3 Bxf3 8. Qxf3 Nbd7 9. Be2 O-O 10. O-O Re8 11. Rad1 Qc7 12. Qg3 Bf8 13. d5 a5 14. Kh1 g6 15. Rd2 h5 16. Rfd1 cxd5 17.
Nxd5 Nxd5 18. exd5 Nf6 19. Rc2 b5 20. Qf3 Bg7 21. c5 dxc5 22. d6 Qd7 23. Rxc5 e4 24. Qg3 Rab8 25. Rc7 Qe6 26. Ba7 Ra8 27. Bxb5 Red8 28.
Bc4 Qf5 29. Rxf7 Kh8 30. Bd4 Rxd6 31. Qxd6 1-0

[Event "Early-Titled-Tuesday-Blitz-April-23-2024"]
[Site "Chess.com"]
[Date "2024.04.23"]
[Round "1"]
[White "RamonManon0g"]
[Black "samidescalona2002"]
[Result "1-0"]
[WhiteElo "2453"]
[BlackElo "2744"]
[TimeControl "180+1"]
[EndTime "8:06:13 PDT"]
[Termination "RamonManon0g won by resignation"]

1. e4 c5 2. Nf3 d6 3. d4 cxd4 4. Nxd4 Nf6 5. Nc3 Nc6 6. Nxc6 bxc6 7. Bc4 Qc7 8. O-O g6 9. Bg5 Bg7 10. Qd2 O-O 11. Bh6 Rb8 12. Bxg7 Kxg7 13. Bb3 Nd7 14. f4 f6 15. Rae1 a5 16. Kh1 Ba6 17. Rf3 Nc5 18.
f5 g5 19. Qf2 Nd7 20. Ne2 c5 21. Rg3 Kh8 22. h4 c4 23. Ba4 Nc5 24. b3 Nxe4 25.
Qe3 Nxg3+ 26. Nxg3 cxb3 27. axb3 Rg8 28. h5 Rb4 29.
Qxe7 Qxe7 30. Rxe7 Bb7 31. c4 Rd8 32. h6 d5 33. Nh5 Rf8 34. Nxf6 1-0

[Event "Early-Titled-Tuesday-Blitz-April-23-2024"]
[Site "Chess.com"]
[Date "2024.04.23"]
[Round "1"]
[White "briesmas"]
[Black "Silent-Killer100"]
[Result "0-1"]
[WhiteElo "2132"]
[BlackElo "2600"]
[TimeControl "180+1"]
[EndTime "8:06:13 PDT"]
[Termination "Silent-Killer100 won by resignation"]

1. e4 c5 2. Nf3 d6 3. d4 cxd4 4. Nxd4 Nf6 5. Nc3 a6 6. Be3 e5 7. Nb3 Nc6 8. f3 Be7 9. Qd2 O-O 10. O-O-O Be6 11. Kb1 b5 12. Nd5 Rc8 13. Nxe7+ Qxe7 14. Be2 Rfd8 15. g4 d5 16. g5 Ne8 17. exd5 Bxd5 18. Bc5 Qe6 19. Qe3 a5 20. Bxb5 Nc7 21.
Bxc6 Qxc6 22. Qxe5 Ne6 23. Rd2 a4 24. Ba3 axb3 25. axb3 Bxf3 26. Rxd8+ Rxd8 27. Re1 Rc8 28. c3 Qb7 29. Qe3 Bh5 30. c4 Bg6+ 31. Ka2 Rb8 32. b4 Qc6 33. Rc1 Ra8 34. b5 Qb7 35. Qe5 Be4 36. c5 Bd5+ 37. Ka1 Bb3 38. c6 Qb6 39. c7 Rc8 40. Qc3 Rxc7 41. Qd2 g6 42. Rxc7 Qxc7 43. Bd6 Qa7+ 44. Ba3 Qg1+ 0-1

[Event "Early-Titled-Tuesday-Blitz-April-23-2024"]
[Site "Chess.com"]
[Date "2024.04.23"]
[Round "1"]
[White "Truequitos"]
[Black "GM_dmitrij"]
[Result "0-1"]
[WhiteElo "2541"]
[BlackElo "3014"]
[TimeControl "180+1"]
[EndTime "8:06:16 PDT"]
[Termination "GM_dmitrij won by resignation"]

1. d4 d5 2. Bf4 c5 3. e4 Nf6 4.
e5 Nfd7 5. Nf3 e6 6. c3 b6 7. Nbd2 Be7 8. h4 a5 9. a4 Qc7 10. h5 h6 11. Bd3 Ba6 12. Bb5 Nc6 13. Rc1 Qb7 14. Qe2 cxd4 15. Nxd4 Bxb5 16. axb5 Nxd4 17.
cxd4 Rc8 18. O-O O-O 19. Rc3 Rxc3 20. bxc3 Rc8 21. c4 dxc4 22. Nxc4 Qd5 23. Rc1 Qxd4 24. Be3 Qe4 25. f3 Qd5 26. Rd1 Qxc4 27. Qxc4 Rxc4 28. Rxd7 Bc5 0-1

[Event "Early-Titled-Tuesday-Blitz-April-23-2024"]
[Site "Chess.com"]
[Date "2024.04.23"]
[Round "1"]
[White "RandomNoob04"]
[Black "Arteler"]
[Result "1-0"]
[WhiteElo "2658"]
[BlackElo "2351"]
[TimeControl "180+1"]
[EndTime "8:06:17 PDT"]
[Termination "RandomNoob04 won by checkmate"]

1. e4 e5 2. d4 exd4 3. Qxd4 d6 4.
Nc3 Nf6 5. Bg5 Be7 6. O-O-O O-O 7. f3 Nc6 8. Qd2 a6 9. Bc4 b5 10. Bb3 Rb8 11. h4 a5 12. a4 bxa4 13. Bxa4 Ne5 14. Qe2 Be6 15. f4 Nc4 16. f5 Nxb2 17. fxe6 Nxd1 18.
exf7+ Kh8 19. Qxd1 Rxf7 20. Nf3 Ng4 21. Qd5 Rf8 22.
Qe6 Bxg5+ 23. hxg5 Qc8 24. Bd7 Qb7 25. Qxg4 Qb2+ 26. Kd2 Qb4 27. Rxh7+ Kxh7 28. Qh5+ Kg8 29. Be6+ Rf7 30. Qxf7+ Kh7 31. Qh5# 1-0

[Event "Early-Titled-Tuesday-Blitz-April-23-2024"]
[Site "Chess.com"]
[Date "2024.04.23"]
[Round "1"]
[White "ravengelic"]
[Black "dontcatchmeifyoucant"]
[Result "1-0"]
[WhiteElo "2642"]
[BlackElo "2318"]
[TimeControl "180+1"]
[EndTime "8:06:18 PDT"]
[Termination "ravengelic won by resignation"]

1. b3 Nf6 2. Bb2 e6 3. c4 Be7 4. g3 O-O 5. Bg2 d5 6. e3 c5 7. Ne2 Nc6 8. O-O b6 9. d4 cxd4 10. Nxd4 Bb7 11. Nd2 Nxd4 12. Bxd4 Qd7 13. Qe2 dxc4 14.
Bxb7 Qxb7 15. Nxc4 Rfd8 16. Bxf6 Bxf6 17. Rad1 Qe7 18. e4 Bd4 19. e5 Rd5 20. Kg2 Rad8 21. f4 h6 22. Qf3 Bc5 23. Rxd5 Rxd5 24. Rd1 Qd7 25. Rxd5 exd5 26. Nb2 Kf8 27. Nd3 Be7 28. f5 Qc6 29. e6 Qc2+ 30. Kh3 Qc6 31. Ne5 Qb5 32.
Nxf7 Bf6 33. Nh8 Qc6 34. Ng6+ Ke8 35. Nf4 Qc2 36. Qxd5 Kf8 37. Ng6+ Kg8 38. e7+ Kh7 39. Qg8+ 1-0

[Event "Early-Titled-Tuesday-Blitz-April-23-2024"]
[Site "Chess.com"]
[Date "2024.04.23"]
[Round "1"]
[White "chess_blitz00"]
[Black "Baku_Boulevard"]
[Result "0-1"]
[WhiteElo "2544"]
[BlackElo "3040"]
[TimeControl "180+1"]
[EndTime "8:06:19 PDT"]
[Termination "Baku_Boulevard won by checkmate"]

1. Nf3 g6 2. d4 Bg7 3. c4 d6 4. Nc3 Nf6 5. g3 O-O 6. Bg2 Nbd7 7. O-O e5 8. e4 exd4 9. Nxd4 Re8 10. Re1 a6 11. h3 Rb8 12. Be3 Ne5 13. b3 c5 14.
Nde2 b5 15. cxb5 axb5 16. Rc1 b4 17. Nd5 Nxd5 18. exd5 Ra8 19. Qd2 Bxh3 20. Nf4 Bg4 21. Nd3 Nf3+ 22. Bxf3 Bxf3 23. Bh6 Qd7 24. Kh2 Qg4 25.
Qg5 Qxg5 26. Bxg5 Bxd5 27. Bf4 Be4 28. Rcd1 Bc3 29. Re3 Bd4 30. Re2 Bxd3 31. Rxe8+ Rxe8 32. Rxd3 Re2 33. Bxd6 Rxf2+ 34. Kh3 Rxa2 35. Rd1 h5 36. g4 hxg4+ 37. Kxg4 Re2 38. Kf4 f5 39. Rh1 Kf7 40.
Kg5 Rg2+ 41. Kh4 Ke6 42. Bf8 Kd5 43. Rc1 Be3 44. Rd1+ Ke4 45. Kh3 Rb2 46. Rd7 Bf4 47. Re7+ Kf3 48. Rg7 Rh2# 0-1

[Event "Early-Titled-Tuesday-Blitz-April-23-2024"]
[Site "Chess.com"]
[Date "2024.04.23"]
[Round "1"]
[White "Grandelicious"]
[Black "ACollins05"]
[Result "1/2-1/2"]
[WhiteElo "2896"]
[BlackElo "2520"]
[TimeControl "180+1"]
[EndTime "8:06:20 PDT"]
[Termination "Game drawn by repetition"]

1. Nf3 b5 2. e3 a6 3. b3 Bb7 4. Bb2 e6 5. g3 Nf6 6. Bg2 c5 7.
O-O Be7 8. c4 bxc4 9. bxc4 O-O 10. Nc3 Nc6 11. Rb1 Rb8 12. Qe2 d6 13. Rfd1 Qc7 14. h3 Rfd8 15. Ng5 Na5 16. Nge4 Nxe4 17. Nxe4 f5 18. Nc3 Bxg2 19. Kxg2 Rb4 20. d3 Rdb8 21. Kg1 Bf6 22. Qc2 Qb7 23. Rd2 Nc6 24. f4 Kf7 25. g4 g6 26. Rg2 Ne7 27. Kh2 Qf3 28. Rg3 Qb7 29. Rg2 Qf3 30. Rg3 Qb7 31. Rg2 1/2-1/2

[Event "Early-Titled-Tuesday-Blitz-April-23-2024"]
[Site "Chess.com"]
[Date "2024.04.23"]
[Round "1"]
[White "VirtualCoach"]
[Black "hongnhung1234"]
[Result "1-0"]
[WhiteElo "2004"]
[BlackElo "2553"]
[TimeControl "180+1"]
[EndTime "8:06:20 PDT"]
[Termination "VirtualCoach won by checkmate"]

1. Nf3 f5 2. b3 Nf6 3. Bb2 d6 4. d4 g6 5. g3 Bg7 6. Bg2 O-O 7. O-O c6 8. Nbd2 Nbd7 9. Re1 h6 10. Nh4 Kh7 11. e4 e6 12. c4 f4 13. e5 dxe5 14.
dxe5 Ng8 15. Be4 Ne7 16. Qc2 Qe8 17. Ndf3 fxg3 18. hxg3 Nf5 19. Rad1 Qf7 20. Rd6 Re8 21. Nxg6 Qxg6 22. Nh4 Nxh4 23. Bxg6+ Nxg6 24. Re4 Bf8 25. Rg4 Bxd6 26. Qxg6+ Kh8 27. Qg7# 1-0

[Event "Early-Titled-Tuesday-Blitz-April-23-2024"]
[Site "Chess.com"]
[Date "2024.04.23"]
[Round "1"]
[White "colegiodemadrid"]
[Black "DominguezOnYoutube"]
[Result "0-1"]
[WhiteElo "2528"]
[BlackElo "2937"]
[TimeControl "180+1"]
[EndTime "8:06:21 PDT"]
[Termination "DominguezOnYoutube won on time"]

1. e4 c5 2. Nf3 d6 3. d4 cxd4 4. Nxd4 Nf6 5. Nc3 a6 6. Bg5 Nbd7 7. f4 Qc7 8. Qf3 e6 9. O-O-O Be7 10. Bd3 b5 11.
Rhe1 Bb7 12. Qg3 O-O-O 13. Bxf6 Nxf6 14. Qxg7 Rdf8 15. e5 Rhg8 16. Qh6 dxe5 17. fxe5 Ng4 18. Qh5 Nf2 19. Bxh7 Rxg2 20. Ncxb5 axb5 21. Nxb5 Qc5 22. Nd6+ Bxd6 23. Rxd6 Ne4 24. Bxe4 Bxe4 25. Re2 Bxc2 26. Rxg2 Bg6+ 27. Kd1 Bxh5+ 0-1

[Event "Early-Titled-Tuesday-Blitz-April-23-2024"]
[Site "Chess.com"]
[Date "2024.04.23"]
[Round "1"]
[White "Nikita_Klepikov"]
[Black "jk13"]
[Result "0-1"]
[WhiteElo "2367"]
[BlackElo "2676"]
[TimeControl "180+1"]
[EndTime "8:06:21 PDT"]
[Termination "jk13 won on time"]

1. e4 e5 2. Nf3 Nc6 3. Bb5 a6 4. Ba4 Nf6 5. Qe2 b5 6. Bb3 Bc5 7. c3 O-O 8. d3 Re8 9. Bg5 h6 10. Bh4 Be7 11. Nbd2 d6 12. O-O Nh5 13. Bg3 Nxg3 14.
fxg3 Bf6 15. a4 Bd7 16. axb5 axb5 17. Bd5 Rxa1 18. Rxa1 Ne7 19. Bb3 c6 20. Nf1 d5 21.
Ne3 Be6 22. exd5 cxd5 23. d4 e4 24. Nd2 b4 25. Ng4 Bxg4 26. Qxg4 bxc3 27. bxc3 Qc7 28. Rc1 Bxd4+ 29. Kh1 Be3 30. Qe2 Bb6 31. Nf1 Qc5 0-1

[Event "Early-Titled-Tuesday-Blitz-April-23-2024"]
[Site "Chess.com"]
[Date "2024.04.23"]
[Round "1"]
[White "MatthewG-p4p"]
[Black "Schattman"]
[Result "1-0"]
[WhiteElo "2892"]
[BlackElo "2502"]
[TimeControl "180+1"]
[EndTime "8:06:22 PDT"]
[Termination "MatthewG-p4p won on time"]

1. f4 d5 2. Nf3 g6 3. g3 Bg7 4. Bg2 Nf6 5. O-O O-O 6. d3 c5 7. Ne5 Nfd7 8. Ng4 Nf6 9. Nf2 Nc6 10. e4 dxe4 11. dxe4 Qxd1 12. Rxd1 Nd4 13. Na3 Ne2+ 14. Kf1 Nxc1 15. e5 Ng4 16. Nxg4 Bxg4 17. Rdxc1 f6 18.
exf6 Bxf6 19. c3 Rad8 20. Kg1 b6 21. Re1 h5 22. Nc4 b5 23. Ne5 Rd2 24. Nxg6 Rf7 25.
Ne5 Bxe5 26. Rxe5 Rxb2 27. Rxc5 Rf6 28. Re1 Rd6 29. h3 Rdd2 30. Bf1 Bf3 31. Rxe7 Bg2 32. Rc8+ 1-0

[Event "Early-Titled-Tuesday-Blitz-April-23-2024"]
[Site "Chess.com"]
[Date "2024.04.23"]
[Round "1"]
[White "ShazilTheGOAT2006"]
[Black "Lupul_Cenusiu"]
[Result "1-0"]
[WhiteElo "2406"]
[BlackElo "2686"]
[TimeControl "180+1"]
[EndTime "8:06:22 PDT"]
[Termination "ShazilTheGOAT2006 won by resignation"]

1. e4 c6 2. d4 d5 3. exd5 cxd5 4.
Bd3 Nc6 5. c3 Nf6 6. h3 e5 7. dxe5 Nxe5 8. Nf3 Nxd3+ 9. Qxd3 Be7 10. O-O O-O 11. Bg5 h6 12. Bh4 Be6 13. Nbd2 Qb6 14.
Rfe1 Rfe8 15. Nd4 Bd7 16. Rab1 Rad8 17. N2f3 Ne4 18. Bxe7 Rxe7 19. Nd2 Rde8 20. Nxe4 dxe4 21. Qg3 Qa5 22. a3 Bb5 23. Nf5 f6 24. Rxe4 Rc7 25.
Rg4 g5 26. h4 Bd7 27. Nxh6+ Kh7 28. hxg5 Bxg4 29. Nxg4 fxg5 30. Nf6+ Kg6 31. Nxe8 Rf7 32.
Re1 Qd8 33. Nd6 Rf4 34. Qd3+ Kg7 35. Nf5+ 1-0

[Event "Early-Titled-Tuesday-Blitz-April-23-2024"]
[Site "Chess.com"]
[Date "2024.04.23"]
[Round "1"]
[White "Zohid6"]
[Black "LiadCuba"]
[Result "1-0"]
[WhiteElo "2945"]
[BlackElo "2531"]
[TimeControl "180+1"]
[EndTime "8:06:23 PDT"]
[Termination "Zohid6 won on time"]

1. e4 c5 2. Nf3 d6 3. Bb5+ Bd7 4. Bxd7+ Qxd7 5. c4 Nf6 6. Nc3 g6 7. O-O Bg7 8. d3 Nc6 9. h3 O-O 10. Be3 a6 11. a3 Rab8 12. Rb1 b5 13. cxb5 axb5 14. b4 Nh5 15. Ne2 cxb4 16. axb4 Rfc8 17. Qd2 Ne5 18. Nfd4 Nf6 19. Rfc1 Ne8 20. f4 Nc6 21. Nxc6 Rxc6 22. Rxc6 Qxc6 23. Rc1 Qd7 24. Qa2 Rc8 25. Rxc8 Qxc8 26.
Qd5 Qa6 27. Kh2 Nc7 28. Qg5 Bf6 29. Qg4 Ne6 30. f5 Be5+ 31. Ng3 Nf8 32. Bf4 Qa3 33. d4 Bxf4 34. Qxf4 Qxb4 35. e5 dxe5 36. Qxe5 Qd6 37.
Qxb5 Qxd4 38. Qe8 Qd7 39. Qb8 gxf5 40. Qf4 e6 41. Nh5 Qe7 42. Qh6 Qd6+ 43. g3 1-0

[Event "Early-Titled-Tuesday-Blitz-April-23-2024"]
[Site "Chess.com"]
[Date "2024.04.23"]
[Round "1"]
[White "SnekkerAndersen"]
[Black "Fjal"]
[Result "1-0"]
[WhiteElo "2649"]
[BlackElo "2338"]
[TimeControl "180+1"]
[EndTime "8:06:23 PDT"]
[Termination "SnekkerAndersen won on time"]

1. e4 d6 2. d4 g6 3. Nc3 Bg7 4. f4 Nd7 5. Qd2 e5 6. Nf3 Ne7 7. h4 Nc6 8. d5 Nd4 9. h5 O-O 10. Qf2 Nf6 11. fxe5 Ng4 12. Qxd4 Nxe5 13. Nxe5 Bxe5 14.
Qf2 f5 15. hxg6 fxe4 16. gxh7+ Kh8 17. Qe2 Bg3+ 18. Kd1 Qf6 19. Be3 b5 20. Nxb5 Rb8 21.
c4 Be5 22. Nc3 Qg7 23. Rh4 Rxb2 24. Qxb2 Rxf1+ 25. Kc2 Qxg2+ 26. Bd2 e3 27. Rxf1 Qxd2+ 28. Kb3 Bxc3 29. Qxc3+ Qxc3+ 30. Kxc3 1-0

[Event "Early-Titled-Tuesday-Blitz-April-23-2024"]
[Site "Chess.com"]
[Date "2024.04.23"]
[Round "1"]
[White "familijatop71"]
[Black "Crazy_girl99"]
[Result "0-1"]
[WhiteElo "2301"]
[BlackElo "2629"]
[TimeControl "180+1"]
[EndTime "8:06:24 PDT"]
[Termination "Crazy_girl99 won on time"]

1. e4 e5 2. Nf3 Nc6 3. Bc4 Bc5 4. O-O Nf6 5. d3 d6 6. c3 a6 7. a4 Ba7 8. Re1 O-O 9. Nbd2 Ng4 10. Re2 Kh8 11. h3 f5 12. hxg4 fxg4 13. Nh2 Qh4 14. d4 exd4 15. Ndf1 d3 16. Bxd3 Bxf2+ 17. Rxf2 Qxf2+ 18. Kh1 Ne5 19. Be3 Qh4 20. Kg1 Be6 21. Be2 Rf7 22. Bd4 g3 23. Nf3 Nxf3+ 24. Bxf3 Raf8 25. Qe2 Bg4 26. Bxg4 Rxf1+ 0-1

[Event "Early-Titled-Tuesday-Blitz-April-23-2024"]
[Site "Chess.com"]
[Date "2024.04.23"]
[Round "1"]
[White "A4RookA3"]
[Black "Kildepiotr"]
[Result "0-1"]
[WhiteElo "2383"]
[BlackElo "2699"]
[TimeControl "180+1"]
[EndTime "8:06:25 PDT"]
[Termination "Kildepiotr won by resignation"]

1. d4 c5 2. d5 e5 3. Nc3 d6 4.
e4 Be7 5. Nf3 a6 6. a4 Bg4 7.
Be2 Bxf3 8. Bxf3 Bg5 9. Bxg5 Qxg5 10. h4 Qd8 11. g3 Nd7 12. Qd2 Ne7 13. O-O O-O 14.
Bg4 h6 15. f4 exf4 16. gxf4 f5 17. Bh3 Qe8 18. e5 dxe5 19. fxe5 Nxe5 20. d6 N7c6 21. Qd5+ Kh8 22. Qxc5 Qh5 23. Qf2 Rf6 24. Kh1 Rxd6 25.
Qxf5 Qxh4 26. Rf4 Qe7 27. Re1 Rf6 28. Qe4 Rxf4 29. Qxf4 Rf8 30. Qg3 Qc5 31. Qe3 Qxe3 32. Rxe3 Nc4 33. Re1 Nxb2 34. Rb1 Rf3 35. Bc8 Rxc3 36.
Rxb2 Na5 37. Bxb7 Nxb7 38. Rxb7 Rxc2 39. Rb6 a5 40. Rb5 Ra2 41. Rxa5 Kh7 42. Ra6 h5 43.
a5 h4 44. Kg1 g5 45. Kh1 g4 46. Rd6 Rxa5 47. Rd4 Rg5 0-1

[Event "Early-Titled-Tuesday-Blitz-April-23-2024"]
[Site "Chess.com"]
[Date "2024.04.23"]
[Round "1"]
[White "giovannibrandao7"]
[Black "Hsper248"]
[Result "0-1"]
[WhiteElo "2304"]
[BlackElo "2631"]
[TimeControl "180+1"]
[EndTime "8:06:25 PDT"]
[Termination "Hsper248 won by resignation"]

1. e4 c5 2. Nf3 Nc6 3. Bb5 e6 4. O-O Nge7 5. Re1 a6 6. Bxc6 Nxc6 7. c3 Be7 8. d4 cxd4 9. cxd4 d5 10. exd5 exd5 11.
Nc3 O-O 12. Bf4 Bg4 13. h3 Bxf3 14. Qxf3 Nxd4 15. Qxd5 Nc2 16. Qxd8 Rfxd8 17. Rxe7 Nxa1 18. Rxb7 Nc2 19. Na4 Nd4 20. Bc7 Re8 21. Nb6 Re1+ 22. Kh2 Rae8 23. Nc4 h5 24. Bb6 Nf5 25. Ra7 h4 26.
Rxa6 Rf1 27. Ne3 Rxf2 28. Nxf5 Rxf5 29. Ra4 g5 30. Rc4 f6 31. a4 Re1 32. g3 Re2+ 33.
Kg1 hxg3 34. a5 g2 0-1

[Event "Early-Titled-Tuesday-Blitz-April-23-2024"]
[Site "Chess.com"]
[Date "2024.04.23"]
[Round "1"]
[White "ChristianArca"]
[Black "dealshark"]
[Result "1-0"]
[WhiteElo "2643"]
[BlackElo "2325"]
[TimeControl "180+1"]
[EndTime "8:06:28 PDT"]
[Termination "ChristianArca won by checkmate"]

1. d4 Nf6 2. c4 e6 3. Nc3 Bb4 4. Qc2 O-O 5. Bd2 c5 6. dxc5 Bxc5 7. Nf3 Nc6 8. a3 d5 9. b4 Be7 10. e3 b6 11. Bd3 dxc4 12. Bxc4 Bb7 13. O-O Qc7 14.
Qb3 Rfd8 15. Rac1 Qd7 16. Rfd1 Qe8 17. Nb5 Rac8 18. Bc3 Ne4 19. Ba1 a6 20. Nbd4 Bf6 21. Nxc6 Bxc6 22. Bxf6 Nxf6 23. Rxd8 Rxd8 24. Bxa6 Ba4 25.
Qb2 h6 26. h3 Qe7 27. Ne5 Rd5 28. Bd3 Qd6 29. Rc8+ Be8 30. Nc4 Qe7 31. Qc2 g6 32. Nxb6 Rd6 33. Qc5 Kf8 34. Bb5 Rd1+ 35. Kh2 Rd6 36. Bxe8 Ng4+ 37. Kg3 Ne5 38. Qxe5 Rd5 39.
Qh8# 1-0

[Event "Early-Titled-Tuesday-Blitz-April-23-2024"]
[Site "Chess.com"]
[Date "2024.04.23"]
[Round "1"]
[White "BozeKat"]
[Black "Vse_po_kaify"]
[Result "1-0"]
[WhiteElo "2100"]
[BlackElo "2572"]
[TimeControl "180+1"]
[EndTime "8:06:28 PDT"]
[Termination "BozeKat won by resignation"]

1. d4 Nf6 2. Bg5 e6 3. Nd2 b6 4. e4 h6 5. Bh4 Bb7 6. Bd3 Be7 7.
Qe2 c5 8. c3 d6 9. f4 Nbd7 10.
Ngf3 Qc7 11. O-O Rd8 12. Rac1 Qb8 13. e5 Nd5 14. Bg3 Nf8 15. f5 dxe5 16. Bxe5 Bd6 17.
Bxg7 Nf4 18. Qe3 Rg8 19. f6 Nd7 20. Bh7 Nxf6 21. Bxg8 Nxg8 22. Ne5 Nd5 23. Qf2 f5 24. Qh4 Bxe5 25. Qh5+ Kd7 26. Bxe5 Qc8 27. Nc4 Nge7 28. Nd6 Qc6 29. Nxb7 Qxb7 30. c4 Ne3 31. Qf3 Qxf3 32.
Rxf3 cxd4 33. Bxd4 f4 34. Bxe3 fxe3 35. Rd1+ Ke8 36.
Rxd8+ Kxd8 37. Rxe3 Kd7 38. Rh3 Nf5 39. g4 Nd6 40.
Rxh6 Nxc4 41. b3 Ne5 42. Rh7+ Kd6 43. Rxa7 Nxg4 44. Kg2 Ne3+ 45. Kf3 Nf5 46. Kg4 Ke5 47. h4 Kf6 48. Ra6 Kg6 49. Rxb6 Ne3+ 50. Kh3 Nd5 51. Rxe6+ Kf5 52. Ra6 Nb4 53. Ra4 Kg6 54. Rxb4 Kh5 55. Rb5+ 1-0

[Event "Early-Titled-Tuesday-Blitz-April-23-2024"]
[Site "Chess.com"]
[Date "2024.04.23"]
[Round "1"]
[White "EddieMarsalla"]
[Black "LamaChampetre"]
[Result "1-0"]
[WhiteElo "2613"]
[BlackElo "2225"]
[TimeControl "180+1"]
[EndTime "8:06:29 PDT"]
[Termination "EddieMarsalla won on time"]

1. d4 Nf6 2. Bg5 d5 3. e3 Nbd7 4. Nf3 g6 5. Nbd2 Bg7 6. Bd3 O-O 7. Qe2 c5 8. c3 Qc7 9. O-O e5 10. dxe5 Nxe5 11. Nxe5 Qxe5 12. Nf3 Qe7 13. Rad1 b6 14. Ba6 Bxa6 15. Qxa6 Rad8 16. Rfe1 h6 17. Bxf6 Bxf6 18. a4 Qc7 19. Re2 Rd7 20. Red2 Rfd8 21. g3 Bg7 22.
Qb5 Qb7 23. e4 a6 24. Qd3 c4 25. Qe2 dxe4 26. Rxd7 Rxd7 27. Rxd7 Qxd7 28. Qxe4 b5 29. Qa8+ Kh7 30. Qxa6 bxa4 31. Qxc4 Qb7 32. Qe2 Qb3 33. Kg2 a3 34. bxa3 Qxa3 35. c4 Qc5 36. Qe4 Bf8 37. Ne5 Bg7 38. Nxf7 Bd4 39. Qf4 Qxc4 40.
Qxh6+ 1-0

[Event "Early-Titled-Tuesday-Blitz-April-23-2024"]
[Site "Chess.com"]
[Date "2024.04.23"]
[Round "1"]
[White "JiiHart"]
[Black "ScofieldMichael01"]
[Result "0-1"]
[WhiteElo "2167"]
[BlackElo "2604"]
[TimeControl "180+1"]
[EndTime "8:06:30 PDT"]
[Termination "ScofieldMichael01 won by resignation"]

1. e4 e6 2. d4 d5 3. exd5 exd5 4.
c4 Nf6 5. Nc3 Bb4 6. Bd3 O-O 7.
Ne2 dxc4 8. Bxc4 Re8 9. O-O Be6 10. Bd3 Nc6 11. Bg5 Be7 12. Bxf6 Bxf6 13. d5 Nb4 14.
dxe6 Nxd3 15. exf7+ Kxf7 16. Qb3+ Kf8 17. Rad1 Qd7 18.
Nd5 Rxe2 19. Nxf6 gxf6 20. Rxd3 Qc6 21. Rg3 Re6 22. Rc3 Qb6 23. Qa3+ Kg7 24. Rg3+ Kh8 25. h4 Rae8 26. Qc3 Qd6 27. h5 Qe5 28. Qd2 Qxh5 29. Qd7 R6e7 30. Qd4 Qe5 31. Qxa7 Qxb2 32. Qc5 Qe5 33.
Qc4 Rg7 34. Re3 Qh5 35. Rxe8+ Qxe8 36. Qxc7 Rxc7 0-1

[Event "Early-Titled-Tuesday-Blitz-April-23-2024"]
[Site "Chess.com"]
[Date "2024.04.23"]
[Round "1"]
[White "aljado"]
[Black "YurasovMat-2012"]
[Result "0-1"]
[WhiteElo "2144"]
[BlackElo "2601"]
[TimeControl "180+1"]
[EndTime "8:06:30 PDT"]
[Termination "YurasovMat-2012 won by checkmate"]

1. e4 e5 2. Nf3 Nf6 3. d4 Nxe4 4.
dxe5 d5 5. Bd3 Nc5 6. O-O Be7 7.
Nc3 Nxd3 8. Qxd3 c6 9. Ne2 O-O 10. Ng3 Nd7 11. Nf5 Nc5 12. Nxe7+ Qxe7 13. Qd4 Ne4 14. c4 Be6 15. Be3 c5 16. Qd3 Rad8 17. Rad1 f5 18. exf6 Qxf6 19. cxd5 Bxd5 20. Qa3 b6 21.
Qxa7 Qxb2 22. Qe7 Rde8 23. Qd7 Bxa2 24. Qb7 Qf6 25. Ra1 Bc4 26. Rfc1 Nc3 27. Kh1 Bd5 28. Qc7 Bxf3 29. gxf3 Qxf3+ 30. Kg1 Ne2+ 31. Kf1 Rxe3 32. Ra7 Qxf2# 0-1

[Event "Early-Titled-Tuesday-Blitz-April-23-2024"]
[Site "Chess.com"]
[Date "2024.04.23"]
[Round "1"]
[White "Fh2411"]
[Black "Hikaru"]
[Result "0-1"]
[WhiteElo "2559"]
[BlackElo "3291"]
[TimeControl "180+1"]
[EndTime "8:06:31 PDT"]
[Termination "Hikaru won on time"]

1. d4 a6 2. Nf3 c5 3. dxc5 e6 4. Be3 Qc7 5. Nbd2 Bxc5 6. Bxc5 Qxc5 7. c3 Nf6 8. e4 d6 9. Bd3 b5 10. O-O Bb7 11. Re1 Nbd7 12. a4 bxa4 13. Rxa4 O-O 14. Nb3 Qc7 15. Rc4 Qd8 16. Rb4 Ra7 17. Qe2 a5 18. Qe3 Qa8 19. Ra4 Bc6 20. Ra3 e5 21. Nbd2 d5 22. exd5 Nxd5 23. Qe4 f5 24. Qh4 e4 25. Ng5 h6 26. Ne6 exd3 27. Nxf8 Nxf8 28. Nc4 Nf6 29. Ne5 Bxg2 30. Nxd3 Be4 31. Nf4 g5 32. Qg3 Rg7 33. Nd3 f4 34. Qh3 g4 35.
Qxh6 Rg6 36. Qxf4 Bxd3 37. c4 Qf3 38. Qg3 Bxc4 39. Rxa5 Ne4 0-1